 Dungeon Crawl Stone Soup version 0.29.1-1-gd02db6906a (webtiles) character file.

Game seed: 4933647071200876041

3655 xian the Thaumaturge (level 9, -9/59 HPs)
             Began as a Demonspawn Fire Elementalist on Oct 11, 2022.
             Was a Follower of Vehumet.
             Killed from afar by a gargoyle (22 damage)
             ... with a stone arrow
             ... on level 7 of the Dungeon.
             The game lasted 00:22:24 (9146 turns).

xian the Thaumaturge (Demonspawn Fire Elementalist) Turns: 9146, Time: 00:22:25

Health: -9/59      AC: 17    Str:  8    XL:     9   Next: 88%
Magic:  28/30      EV: 15    Int: 22    God:    Vehumet [*.....]
Gold:   264        SH:  0    Dex: 15    Spells: 17/24 levels left

rFire   . . .      SeeInvis .   E - +2 broad axe (distort)
rCold   . . .      Faith    +   (no shield)
rNeg    . . .      Spirit   .   r - +4 ring mail {Will+}
rPois   .          Reflect  .   d - +0 helmet
rElec   .          Harm     .   x - +0 cloak
rCorr   .          Rampage  .   y - +0 pair of gloves
Will    +....                   (no boots)
Stlth   ++........              h - amulet of faith
HPRegen 0.19/turn               D - +4 ring of protection
MPRegen 0.22/turn               o - ring of magical power

@: agile
A: ignite blood 1, powered by pain 2, big brain 1, weakness stinger 1
a: Renounce Religion


You were on level 7 of the Dungeon.
You worshipped Vehumet.
Vehumet was aware of your devotion.
You visited 2 branches of the dungeon, and saw 8 of its levels.

You collected 294 gold pieces.
You spent 30 gold pieces at shops.

Inventory:

Hand Weapons
 E - a +2 broad axe of distortion (weapon)
Missiles
 v - a throwing net
Armour
 d - a +0 helmet (worn)
 r - a +4 ring mail of willpower (worn)
 x - a +0 cloak (worn)
 y - a +0 pair of gloves (worn)
Jewellery
 h - an amulet of faith (around neck)
 j - a ring of poison resistance
 o - a ring of magical power (right hand)
 q - a ring of resist corrosion
 D - a +4 ring of protection (left hand)
Wands
 p - a wand of flame (18)
 z - a wand of polymorph (10)
Scrolls
 e - a scroll of immolation
 i - a scroll of fear {unknown}
 k - 2 scrolls of amnesia
 l - a scroll of enchant weapon
 n - 4 scrolls of teleportation
 u - a scroll of vulnerability
 w - 2 scrolls of poison {unknown}
 A - a scroll of identify
Potions
 a - 3 potions of might
 b - a potion of magic
 c - a potion of brilliance {unknown}
 f - a potion of curing
 m - a potion of experience {unknown}
 s - a potion of heal wounds {unknown}
 t - 2 potions of haste
 B - a potion of degeneration {unknown}
 C - 2 potions of mutation {unknown}


   Skills:
 + Level 1.5 Fighting
 + Level 0.2 Short Blades
 + Level 0.9 Axes
 + Level 3.9 Armour
 + Level 2.7 Dodging
 + Level 2.9 Stealth
 + Level 8.1 Spellcasting
 + Level 4.8 Conjurations
 + Level 8.0 Fire Magic


You had 17 spell levels left.
You knew the following spells:

 Your Spells              Type           Power      Damage    Failure   Level
a - Foxfire               Conj/Fire      100%       2x1d9     1%          1
b - Scorch                Fire           88%        2d9       1%          2
c - Flame Wave            Conj/Fire      37%        2d10      14%         4

Your spell library contained the following spells:

 Spells                   Type           Power      Damage    Failure   Level
 Freeze                   Ice            32%        1d5       21%         1
 Conjure Flame            Conj/Fire      37%        6-21      4%          3
 Static Discharge         Conj/Air       19%        3-6/arc   12%         2
 Inner Flame              Hex/Fire       26%        N/A       12%         3
 Sublimation of Blood     Necr           8%         N/A       30%         2
 Wereblood                Tmut           8%         N/A       30%         2
 Lightning Bolt           Conj/Air       9%         1d22      91%         5
 Summon Hydra             Summ           4%         N/A       100%        7
 Borgnjor's Revivificati  Necr           4%         N/A       100%        8
 Maxwell's Capacitive Co  Air            4%         ∞         100%        8
 Necromutation            Tmut/Necr      4%         N/A       100%        8
 Death's Door             Necr           4%         N/A       100%        9


Dungeon Overview and Level Annotations

Branches:
Dungeon (7/15)             Temple (1/1) D:4

Altars:
Ashenzari
Cheibriados
Dithmenos
Gozag
Hepliaklqana
Makhleb
Nemelex Xobeh
Okawaru
Qazlal
Sif Muna
Trog
Uskayaw
Vehumet
Xom
Yredelemnul

Shops:
D:1 *   D:2 ?   D:4 :

Annotations:
D:1 Armor shop
D:3 1 runed translucent door, Crazy Yiuf
D:4 Spells


Innate Abilities, Weirdness & Mutations

Your demonic aura sometimes causes spilled blood to erupt in flames.
You sometimes gain power by taking damage.
You have an unusually large brain. (Int +2)
You have a small tail.


Message History

Confirm with . or Enter, or press ? or * to list all spells.
Flames lash the jelly.
You kill the jelly!
Vehumet accepts your kill. The water moccasin closely misses you.
Unknown command.
Casting: Scorch (safe; 1% risk of failure)
Confirm with . or Enter, or press ? or * to list all spells.
Flames lash the water moccasin.
The water moccasin is heavily wounded.
The water moccasin's fire resistance burns away.
The water moccasin bites you but does no damage. x2
Unknown command.
You are too injured to fight recklessly!
You are too injured to fight recklessly!
You are too injured to fight recklessly!
Unknown command.
You are too injured to fight recklessly!
Casting: Scorch (safe; 1% risk of failure)
Confirm with . or Enter, or press ? or * to list all spells.
Flames lash the gargoyle.
The gargoyle is almost destroyed.
The gargoyle's fire resistance burns away.
The water moccasin bites you but does no damage.
The gargoyle hits you with a +0 flail!
* * * LOW HITPOINT WARNING * * *
Unknown command.
You hit the gargoyle but do no damage.
The gargoyle is almost destroyed.
You closely miss the water moccasin. The water moccasin barely misses you.
The gargoyle barely misses you. The water moccasin barely misses you.
The gargoyle hits you with a +0 flail!
* * * LOW HITPOINT WARNING * * *
You focus on the pain.
You feel your power returning.
You feel better.
The water moccasin is no longer more vulnerable to fire.
The water moccasin misses you. The water moccasin barely misses you.
The gargoyle hurls a stone arrow at you.
The stone arrow hits you!!
You die...

# #......#.... # #...........
#.....# #...........
#.......###........... ... ...
..........#........#.# .....
#........[#..........#. ... #
................†....... ####.###
#..........##...@9...... #..#.#..
#..........##....S..#### #.......
#..............##.#.# ##......
#..........#####....# ###..#....
#.......>..#####....####...#....#
#..........##............###.##.#
#......[...##..........#####.##..
#.#.......###..........# #.......
#........## #..........##..#.#...


You could see a water moccasin and a gargoyle (combustible).

Vanquished Creatures
  A two-headed ogre (D:7)
  Pikel (D:7)
  Grinder (D:3)
  A yak (D:5)
  Eustachio (D:6)
  3 water moccasins (D:6)
  3 ogres
  2 ice beasts (D:5)
  3 lemures (D:7)
  A phantom (D:6)
  2 necrophages
  4 scorpions
  A killer bee (D:5)
  2 howler monkeys
  4 jellies
  5 orc priests
  3 hounds
  Jessica (D:3)
  Terence (D:3)
  Natasha (D:3)
  2 iguanas (D:5)
  2 orc wizards
  7 gnolls
  8 adders
  2 white imps
  3 ufetubi
  A worm (D:2)
  A dart slug (D:4)
  19 orcs
  5 endoplasms
  A giant cockroach (D:4)
  5 goblins
  6 hobgoblins
  7 jackals
  6 kobolds
  6 quokkas
  6 ball pythons
  9 bats
  5 frilled lizards
  3 rats
145 creatures vanquished.

Vanquished Creatures (others)
  481 foxfires
481 creatures vanquished.

Grand Total: 626 creatures vanquished

Notes
Turn   | Place    | Note
-------+----------+-------------------------------------------
     0 | D:1      | xian the Demonspawn Fire Elementalist began the quest for
                  | the Orb.
     0 | D:1      | Reached XP level 1. HP: 13/13 MP: 3/3
   481 | D:1      | Gained mutation: You sometimes gain a little power by
                  | taking damage. [demonic ancestry]
   481 | D:1      | Reached XP level 2. HP: 19/19 MP: 1/5
   684 | D:1      | Found Wodgheep's General Store.
  1533 | D:2      | Gained mutation: Your demonic aura sometimes causes spilled
                  | blood to erupt in flames. [demonic ancestry]
  1533 | D:2      | Reached XP level 3. HP: 24/24 MP: 2/6
  1959 | D:2      | Found Pumn's Magic Scroll Shop.
  1967 | D:2      | Bought a scroll of identify for 20 gold pieces
  1967 | D:2      | Bought a scroll of noise for 10 gold pieces
  1979 | D:2      | Found a faded altar of an unknown god.
  2782 | D:3      | Reached XP level 4. HP: 30/30 MP: 7/7
  2797 | D:3      | HP: 1/30 [orc/+0 flail (6)]
  3101 | D:3      | Noticed Grinder
  3115 | D:3      | Learned a level 2 spell: Scorch
  3117 | D:3      | Paralysed by Grinder for 2 turns
  3125 | D:3      | Learned a level 4 spell: Flame Wave
  3130 | D:3      | Paralysed by Grinder for 3 turns
  3137 | D:3      | Killed Grinder
  3138 | D:3      | Reached skill level 1 in Armour
  3138 | D:3      | Gained mutation: You have an unusually large brain. (Int
                  | +2) [demonic ancestry]
  3138 | D:3      | Reached XP level 5. HP: 27/36 MP: 4/10
  3138 | D:3      | Reached XP level 6. HP: 31/42 MP: 4/11
  3290 | D:3      | Noticed Terence
  3300 | D:3      | Killed Terence
  3408 | D:3      | Noticed Natasha
  3415 | D:3      | Killed Natasha
  3750 | D:3      | Noticed Jessica
  3754 | D:3      | Killed Jessica
  3928 | D:3      | Found a runed translucent door.
  3929 | D:3      | Noticed Crazy Yiuf
  4189 | D:4      | Gained mutation: You sometimes gain power by taking damage.
                  | [demonic ancestry]
  4189 | D:4      | Reached XP level 7. HP: 29/47 MP: 13/13
  4465 | D:4      | Found a staircase to the Ecumenical Temple.
  4710 | D:4      | Reached skill level 5 in Spellcasting
  5415 | D:4      | Reached skill level 5 in Fire Magic
  5700 | D:4      | Found Ucaqoh's Tremendous Tomes.
  5791 | Temple   | Entered the Ecumenical Temple
  5858 | Temple   | Became a worshipper of Vehumet
  5896 | D:5      | Entered Level 5 of the Dungeon
  5959 | D:5      | Reached XP level 8. HP: 13/53 MP: 1/15
  6469 | D:5      | Found a shimmering altar of Xom.
  6473 | D:5      | Found a shimmering altar of Xom.
  6896 | D:5      | Reached skill level 1 in Fighting
  7513 | D:6      | Reached * piety under Vehumet
  7513 | D:6      | Offered knowledge of Freeze by Vehumet.
  7670 | D:6      | Found an iron altar of Okawaru.
  7729 | D:6      | Noticed Eustachio
  7741 | D:6      | Killed Eustachio
  7742 | D:6      | Gained mutation: You have a small tail. [demonic ancestry]
  7742 | D:6      | Reached XP level 9. HP: 48/59 MP: 11/18
  8035 | D:6      | Found a large runed translucent door.
  8036 | D:6      | Found a large runed translucent door.
  8387 | D:6      | Found a sparkling altar of Nemelex Xobeh.
  8412 | D:6      | Found a shadowy altar of Dithmenos.
  8494 | D:7      | Noticed Pikel
  8503 | D:7      | Noticed a two-headed ogre
  8507 | D:7      | Killed Pikel
  8771 | D:7      | Killed a two-headed ogre
  9049 | D:7      | Found a basalt altar of Yredelemnul.
  9049 | D:7      | Found an opulent altar of Gozag.
  9052 | D:7      | Found a broken altar of Ashenzari.
  9053 | D:7      | Found a hazy altar of Hepliaklqana.
  9130 | D:7      | Noticed a gargoyle
  9146 | D:7      | Killed from afar by a gargoyle

Illustrated notes

Levels and vault maps discovered:
D:1:      eino_arrival_cavern_d, layout_basic, serial_shops, shop,
          chequers_jeans, minivault_11, minivault_27
D:2:      minmay_chambers_of_twos, layout_loops_ring,
          dreamdust_ecumenical_altar_hidden_monk_grotto, serial_shops, shop,
          kennysheep_cross_room
D:3:      layout_loops_cross, uniq_natasha, uniq_terence, uniq_jessica,
          uniq_crazy_yiuf_cottage, uniq_grinder
D:4:      layout_basic, minmay_temple_entry_proselytizer,
          nicolae_shop_i_like_big_books
D:5:      cheibrodos_barr_body, layout_loops_cross, xom_redecorated
D:6:      layout_loops_ring, jmf_multi_god_temple2,
          mainiacjoe_overflow_alcove_1, uniq_eustachio
D:7:      layout_rooms, nzn_wu_jian_council_hall, mainiacjoe_overflow_alcove_3,
          uniq_pikel
Temple:   nicolae_temple_cloud_nine

Skill      XL: |  1  2  3  4  5  6  7  8  9 |
---------------+----------------------------+-----
Fire Magic     | 3 4 5 6 8 |  8.0
Stealth        | 2 |  2.9
Dodging        | 2 |  2.7
Armour         | 1 2 3 |  3.9
Spellcasting   | 3 4 5 6 8 |  8.1
Conjurations   | 2 3 4 |  4.8
Fighting       | 1 |  1.5
Short Blades   | |  0.2
Axes           | |  0.9

Action                   |  1- 3 |  4- 6 |  7- 9 || total
-------------------------+-------+-------+-------++-------
Melee: Hand axe          |    25 |     4 |    15 ||    44
       Short sword       |       |       |    18 ||    18
       Broad axe         |       |       |     5 ||     5
       Tailslap          |       |       |     1 ||     1
 Cast: Foxfire           |    93 |    56 |   162 ||   311
       Scorch            |       |    13 |    78 ||    91
  Use: Scroll            |     6 |       |     3 ||     9
       Potion            |       |     2 |     1 ||     3
 Stab: Sleeping          |       |       |     3 ||     3
Armor: Robe              |    12 |       |       ||    12
       Leather armour    |     5 |     5 |       ||    10
       Ring mail         |       |     1 |    75 ||    76
Dodge: Dodged            |    51 |    27 |    83 ||   161
